 Dungeon Crawl Stone Soup version 0.30-a0-42-g806c11bf1d (webtiles) character file.

Game seed: 6976091693645983998

13187 jlumianski the Cleaver (level 11, -29/74 HPs)
             Began as a Demonspawn Gladiator on Aug 30, 2022.
             Was a Believer of Qazlal.
             Killed from afar by a bog body (31 damage)
             ... with a bolt of cold
             ... summoned by a worldbinder
             ... on level 2 of the Abyss.
             The game lasted 00:45:25 (11417 turns).

jlumianski the Cleaver (Demonspawn Gladiator)      Turns: 11417, Time: 00:45:25

Health: -29/74     AC: 34    Str: 23    XL:     11   Next: 72%
Magic:  11/16      EV: 12    Int:  9    God:    Qazlal [**....]
Gold:   649        SH:  7    Dex: 18    Spells: 10/10 levels left

rFire   + . .      SeeInvis .    a - +1 war axe
rCold   x . .      Faith    .    (no shield)
rNeg    . . .      Spirit   .    V - +3 scale mail
rPois   .          Reflect  .    c - +2 helmet
rElec   .          Harm     .    N - +1 cloak
rCorr   .          Rampage  +    P - +4 pair of gloves "Suxid" {Will- Regen+ Str+4 Dex+3}
Will    .....                    o - +1 pair of boots {rampage}
Stlth   +.........               H - amulet of the acrobat
HPRegen 1.02/turn                B - +4 ring of protection
MPRegen 0.15/turn                i - ring of fire

@: mighty, slowed, very slow
A: slimy green scales 2, icemail 1, powered by pain 1, condensation shield,
demonic touch 2, frail 1, low MP 1
a: Renounce Religion, Upheaval


You were on level 2 of the Abyss.
You worshipped Qazlal.
Qazlal was pleased with you.
You visited 1 branch of the dungeon, and saw 12 of its levels.
You visited the Abyss 1 time.
You also visited: Gauntlet.

You collected 649 gold pieces.

Inventory:

Hand Weapons
 a - a +1 war axe (weapon)
 s - a +2 vorpal spear
 Q - a +0 arbalest
Missiles
 d - 3 throwing nets
 e - a javelin
 u - 5 poisoned darts
 A - 7 boomerangs (quivered)
Armour
 c - a +2 helmet (worn)
 o - a +1 pair of boots of rampaging (worn)
 N - a +1 cloak (worn)
 P - the +4 pair of gloves "Suxid" (worn) {Will- Regen+ Str+4 Dex+3}
   (You found it on level 7 of the Dungeon)

   Str:       It affects your strength (+4).
   Dex:       It affects your dexterity (+3).
   Regen:     It increases your rate of health regeneration.
   Will:      It decreases your willpower.
 V - a +3 scale mail (worn)
Magical Staves
 b - a staff of cold
Jewellery
 i - a ring of fire (right hand)
 l - a +4 ring of evasion
 p - a ring of poison resistance
 q - the amulet of the Four Winds {rN+ Will+++ Clar}
   (You found it in a Gauntlet)

   [amulet of nothing]

   rN:        It protects you from negative energy.
   Clar:      It protects you against confusion.
   Will:      It greatly increases your willpower.
 B - a +4 ring of protection (left hand)
 G - a ring of willpower
 H - an amulet of the acrobat (around neck)
 O - a ring of protection from cold
 U - a ring of willpower
 Z - a ring of see invisible
Wands
 j - a wand of flame (3)
 w - a wand of mindburst (10)
 F - a wand of paralysis (13)
 M - a wand of roots (20)
Scrolls
 f - a scroll of fear
 h - a scroll of blinking
 k - a scroll of fog
 z - 2 scrolls of poison
Potions
 g - 3 potions of flight
 m - 3 potions of lignification
 x - a potion of attraction
 E - a potion of might


   Skills:
 + Level 6.6 Fighting
 + Level 10.4 Axes
 + Level 0.5(6.5) Polearms
 - Level 1.7 Throwing
 + Level 6.1 Armour
 + Level 4.6 Dodging
 + Level 1.2 Stealth
 + Level 4.1 Shields
 * Level 9.8 Invocations
 * Level 7.4 Evocations


You had 10 spell levels left.
You didn't know any spells.
Your spell library contained the following spells:

 Spells                   Type           Power      Damage    Failure   Level
 Magic Dart               Conj           0%         1d3       67%         1
 Call Imp                 Summ           0%         N/A       82%         2
 Ensorcelled Hibernation  Hex/Ice        0%         N/A       82%         2
 Passwall                 Tmut/Erth      0%         N/A       82%         2
 Sublimation of Blood     Necr           0%         N/A       82%         2
 Wereblood                Tmut           0%         N/A       82%         2
 Call Canine Familiar     Summ           0%         N/A       96%         3
 Conjure Flame            Conj/Fire      0%         6-21      96%         3
 Ignite Poison            Fire/Tmut/Pois 0%         N/A       96%         3
 Mephitic Cloud           Conj/Pois/Air  0%         N/A       96%         3
 Portal Projectile        Hex/Tloc       0%         N/A       96%         3
 Summon Guardian Golem    Hex/Summ       0%         N/A       96%         3
 Swiftness                Air            0%         N/A       96%         3
 Leda's Liquefaction      Hex/Erth       0%         N/A       100%        4
 Sticky Flame             Conj/Fire      0%         2d3       100%        4
 Alistair's Intoxication  Tmut/Pois      0%         N/A       100%        5
 Borgnjor's Vile Clutch   Necr/Erth      0%         N/A       100%        5
 Freezing Cloud           Conj/Ice/Air   0%         6-21      100%        5
 Dispersal                Tloc           0%         N/A       100%        6
 Eringya's Noxious Bog    Tmut/Pois      0%         N/A       100%        6
 Orb of Destruction       Conj           0%         9d5       100%        7
 Spellforged Servitor     Conj/Summ      0%         N/A       100%        7
 Summon Hydra             Summ           0%         N/A       100%        7
 Disjunction              Tloc           0%         N/A       100%        8


Dungeon Overview and Level Annotations

Branches:
Dungeon (12/15)            Temple (0/1) D:5            Lair (0/5) D:10
    Orc (0/2) D:12        Gauntlet (visited)

Altars:
Fedhas
Gozag
Kikubaaqudgha
Makhleb
Qazlal
Ru
Trog
Vehumet

Annotations:
Gauntlet 9 transporters, 3 runed translucent doors, exclusions: oklob plant and orange crystal statue


Innate Abilities, Weirdness & Mutations

You are mostly covered in slimy green scales. (AC +3)
A meltable icy envelope protects you from harm. (AC +4)
You sometimes gain a little power by taking damage.
A meltable shield of frost defends you. (SH +4)
Your touch may inflict irresistible damage on your foes.
You are frail. (-10% HP)
Your magical capacity is low. (-10% MP)


Message History

The cacodemon is moderately wounded.
You feel less confused. The cacodemon hits you!
The cacodemon hits you but does no damage.
The worldbinder hits you but does no damage.
You block the worldbinder's attack.
The worldbinder attacks as you move away!
The worldbinder hits you but does no damage.
The worldbinder closely misses you. The cacodemon gestures next to you.
Some rock shatters into small pieces.
The bog body touches you. The bog body freezes you!!!
You feel a terrible chill!
Ouch! That really hurt!
* * * LOW HITPOINT WARNING * * *
The worldbinder completely misses you. The worldbinder misses you.
You feel very mighty all of a sudden.
The worldbinder hits you but does no damage. x2
The bog body is struck by lightning.
You block the bog body's attack. The cacodemon barely misses you.
The cacodemon hits you but does no damage.
The worldbinder hits you but does no damage.
You block the worldbinder's attack.
The bog body touches you but does no damage.
Activating: Elemental Force (1% risk of failure)
Press: ? - help, Dir - look around, f - activate Clouds arounds you coalesce and take form!
You can no longer give life to nearby clouds.
The worldbinder hits you.
* * * LOW HITPOINT WARNING * * *
The worldbinder barely misses you. The cacodemon gestures at you.
You feel as though you will be slow longer.
The worldbinder hits you but does no damage.
The worldbinder closely misses you. You block the bog body's attack.
The cacodemon hits you but does no damage.
The cacodemon hits you!
* * * LOW HITPOINT WARNING * * *
The bog body gestures at you while chanting.
The bolt of cold hits you!!
You feel a terrible chill!
You die...

#.#.. .# #... # .
.# ..#. ###.
#.##. # ...
#...##### # . ..#
.#..#.#.##.#.
...####.#.#.#. #
.
....#E...##2..#..
.
#nn.....#..#..#.#
#@2##....###. ..#
##xn......# ...
##.........§.#
##..........§.#
#.####.... .§ #
### #.....#§
....## #.....#.
......


You could see a cacodemon, a worldbinder, 3 bog bodies and a friendly air
elemental (summoned).

Vanquished Creatures
  A tentacled starspawn (Abyss:2)
  A hydra (D:11)
  Fannar (D:9)
  A thrashing horror (Abyss:2)
  A fire crab (Gauntlet)
  A large abomination (Abyss:2)
  A cyclops (D:11)
  Maurice (D:9)
  An eye of devastation (Gauntlet)
  An unseen horror (D:12)
  A komodo dragon (D:10)
  4 raiju (Abyss:2)
  An ettin skeleton (Abyss:2)
  A wyvern (D:9)
  2 wraiths
  11 yaks (D:10)
  5 fire bats
  3 vampire mosquitoes (D:10)
  2 floating eyes (Gauntlet)
  5 orc warriors
  2 sky beasts
  2 ice beasts
  3 ogres
  2 centaurs
  2 phantoms (D:5)
  2 small abominations (Abyss:2)
  A kobold brigand (D:11)
  2 bullfrogs
  5 scorpions
  6 killer bees (D:9)
  5 howler monkeys
  A crimson imp (D:9)
  2 hounds
  7 orc priests
  A gnoll bouda (D:8)
  An iron imp (Abyss:2)
  4 iguanas
  Ijyb (D:5)
  Terence (D:2)
  Natasha (twice) (D:3)
  6 orc wizards
  11 gnolls
  6 adders
  2 ufetubi
  A dart slug (D:4)
  26 orcs
  5 bats
  5 endoplasms
  6 giant cockroaches
  11 goblins
  11 hobgoblins
  2 jackals (D:2)
  12 kobolds
  3 quokkas
  A ball python (D:1)
  A frilled lizard (D:3)
  4 rats
210 creatures vanquished.

Vanquished Creatures (others)
  2 fungi
  10 plants (D:10)
  6 starspawn tentacles (Abyss:2)
18 creatures vanquished.

Grand Total: 228 creatures vanquished

Notes
Turn   | Place    | Note
-------+----------+-------------------------------------------
     0 | D:1      | jlumianski the Demonspawn Gladiator began the quest for the
                  | Orb.
     0 | D:1      | Reached XP level 1. HP: 16/16 MP: 1/1
   366 | D:1      | Gained mutation: A meltable shield of frost defends you.
                  | (SH +4) [demonic ancestry]
   366 | D:1      | Reached XP level 2. HP: 22/22 MP: 2/2
   759 | D:1      | Found a faded altar of an unknown god.
  1185 | D:1      | Reached skill level 3 in Axes
  1710 | D:2      | Gained mutation: Your touch may inflict minor irresistible
                  | damage on your foes. [demonic ancestry]
  1710 | D:2      | Reached XP level 3. HP: 28/28 MP: 3/3
  1714 | D:2      | Reached skill level 1 in Armour
  1824 | D:2      | Noticed Terence
  1855 | D:2      | HP: 1/28 [Terence/+0 mace of protection (2)]
  1856 | D:2      | Killed Terence
  2278 | D:2      | Reached XP level 4. HP: 31/34 MP: 4/4
  2512 | D:3      | Noticed Natasha
  2524 | D:3      | Killed Natasha
  3130 | D:3      | Found a blossoming altar of Fedhas.
  3130 | D:3      | Found a stormy altar of Qazlal.
  3133 | D:3      | Found a sacrificial altar of Ru.
  3182 | D:3      | Found an ancient bone altar of Kikubaaqudgha.
  3185 | D:3      | Became a worshipper of Qazlal Stormbringer
  3247 | D:3      | Gained mutation: You are partially covered in slimy green
                  | scales. (AC +2) [demonic ancestry]
  3247 | D:3      | Reached XP level 5. HP: 38/40 MP: 5/5
  3432 | D:3      | Noticed Natasha
  3443 | D:3      | Killed Natasha
  3444 | D:3      | Reached skill level 4 in Axes
  3899 | D:4      | Reached * piety under Qazlal
  3900 | D:4      | Reached skill level 1 in Invocations
  3942 | D:4      | Gained mutation: You are mostly covered in slimy green
                  | scales. (AC +3) [demonic ancestry]
  3942 | D:4      | Reached XP level 6. HP: 47/47 MP: 5/7
  3981 | D:4      | Reached skill level 1 in Evocations
  4566 | D:5      | Entered Level 5 of the Dungeon
  4677 | D:5      | Noticed an ice beast
  4700 | D:5      | Killed an ice beast
  4701 | D:5      | Reached skill level 1 in Shields
  4949 | D:6      | Noticed a sky beast
  5042 | D:5      | Gained mutation: You sometimes gain a little power by
                  | taking damage. [demonic ancestry]
  5042 | D:5      | Reached XP level 7. HP: 52/52 MP: 9/9
  5092 | D:5      | Reached skill level 5 in Axes
  5238 | D:5      | Found a staircase to the Ecumenical Temple.
  5623 | D:5      | Noticed Ijyb
  5631 | D:5      | Killed Ijyb
  6474 | D:6      | Gained mutation: A meltable icy envelope protects you from
                  | harm. (AC +4) [demonic ancestry]
  6474 | D:6      | Reached XP level 8. HP: 58/58 MP: 9/11
  6951 | D:6      | Reached skill level 6 in Axes
  7154 | D:6      | Found a bloodstained altar of Trog.
  7262 | D:7      | Reached skill level 5 in Invocations
  7285 | D:7      | Identified the +4 pair of gloves "Suxid" {Will- Regen+
                  | Str+4 Dex+3}
  7955 | D:8      | Reached XP level 9. HP: 65/65 MP: 11/13
  8179 | D:8      | Reached ** piety under Qazlal
  8203 | D:8      | Reached skill level 7 in Axes
  8357 | D:10     | Entered Level 10 of the Dungeon
  8444 | D:9      | Found a burning altar of Makhleb.
  8445 | D:9      | Found a radiant altar of Vehumet.
  8679 | D:9      | Reached skill level 1 in Stealth
  8679 | D:9      | Reached skill level 5 in Evocations
  8767 | D:9      | Noticed Maurice
  8780 | D:9      | Killed Maurice
  8781 | D:9      | Reached skill level 5 in Armour
  9241 | D:10     | Reached skill level 8 in Axes
  9278 | D:10     | Reached XP level 10. HP: 62/73 MP: 13/15
  9296 | D:10     | Reached skill level 5 in Fighting
  9353 | D:10     | Found a staircase to the Lair.
  9439 | D:10     | Noticed Fannar
  9464 | D:9      | Killed Fannar
  9602 | D:10     | Reached skill level 9 in Axes
  9602 | D:10     | Reached *** piety under Qazlal
 10046 | D:10     | Found an opulent altar of Gozag.
 10174 | D:11     | Noticed a cyclops
 10183 | D:11     | Noticed a six-headed hydra
 10185 | D:11     | Killed a cyclops
 10344 | D:11     | Killed a six-headed hydra
 10345 | D:11     | Gained mutation: Your touch may inflict irresistible damage
                  | on your foes. [demonic ancestry]
 10345 | D:11     | Reached XP level 11. HP: 72/81 MP: 12/17
 10621 | D:12     | Found a gate leading to a gauntlet.
 10628 | Gauntlet | Entered a Gauntlet
 10628 | Gauntlet | Noticed a death scarab
 10628 | Gauntlet | Found a transporter.
 10628 | Gauntlet | Found a transporter.
 10640 | Gauntlet | Found a transporter.
 10643 | Gauntlet | Found a transporter.
 10643 | Gauntlet | Found a transporter.
 10688 | Gauntlet | Found a transporter.
 10691 | Gauntlet | Found a transporter.
 10691 | Gauntlet | Found a transporter.
 10691 | Gauntlet | Noticed a fire crab
 10694 | Gauntlet | Noticed a wretched star
 10695 | Gauntlet | Found a runed translucent door.
 10704 | Gauntlet | Found a runed translucent door.
 10708 | Gauntlet | Found a transporter.
 10725 | Gauntlet | Found a transporter.
 10732 | Gauntlet | Noticed an orange crystal statue
 10735 | Gauntlet | Found a transporter.
 10737 | Gauntlet | Found the amulet of the Four Winds {rN+ Will+++ Clar}
 10750 | Gauntlet | Found a transporter.
 10775 | Gauntlet | Found a transporter.
 10776 | Gauntlet | Found a runed translucent door.
 10785 | Gauntlet | Noticed an oklob plant
 10792 | Gauntlet | Found a transporter.
 10874 | Gauntlet | Paralysed by a floating eye for 3 turns
 10974 | Gauntlet | Killed a fire crab
 11122 | Gauntlet | Noticed a wizard
 11127 | Abyss:2  | Cast into level 2 of the Abyss (a wizard)
 11160 | Abyss:2  | Found a shimmering blue altar of Sif Muna.
 11171 | Abyss:2  | Found a shimmering blue altar of Sif Muna.
 11171 | Abyss:2  | Found a shimmering blue altar of Sif Muna.
 11176 | Abyss:2  | Noticed a large abomination
 11195 | Abyss:2  | Killed a large abomination
 11203 | Abyss:2  | Reached skill level 10 in Axes
 11213 | Abyss:2  | Noticed a thrashing horror
 11231 | Abyss:2  | Killed a thrashing horror
 11293 | Abyss:2  | Noticed a tentacled starspawn
 11299 | Abyss:2  | Killed a tentacled starspawn
 11303 | Abyss:2  | Noticed a large abomination
 11304 | Abyss:2  | Noticed a tentacled starspawn
 11327 | Abyss:2  | Noticed a cacodemon
 11327 | Abyss:2  | Noticed a sixfirhy
 11351 | Abyss:2  | Noticed a yellow draconian annihilator
 11361 | Abyss:2  | Gained mutation: You are frail. (-10% HP) [a cacodemon]
 11399 | Abyss:2  | Gained mutation: Your magical capacity is low. (-10% MP) [a
                  | cacodemon]
 11413 | Abyss:2  | Noticed a bog body
 11414 | Abyss:2  | Noticed a bog body
 11414 | Abyss:2  | Noticed a bog body
 11417 | Abyss:2  | HP: 2/74 [cacodemon (10)]
 11417 | Abyss:2  | Killed from afar by a bog body

Illustrated notes

Levels and vault maps discovered:
D:1:      nicolae_arrival_washed_ashore, layout_loops_ring,
          nicolae_ecumenical_lake_church, kennysheep_another_room
D:2:      wander_river, layout_basic, grunt_ministairs_11, hex_medium,
          dk_noncrumbling_4, uniq_terence
D:3:      layout_basic, nicolae_overflow_quartered_altars,
          nicolae_figureground_sparkle, uniq_natasha
D:4:      layout_loops_cross, kennysheep_generic_room_8
D:5:      layout_basic, minmay_temple_entry_poolview, uniq_ijyb
D:6:      layout_layer_cave, lemuel_round_altar, minmay_tree_intersection
D:7:      layout_basic, minmay_stone_trees_small
D:8:      layout_rooms
D:9:      layout_stronghold, grunt_temple_overflow_lords_of_destruction,
          uniq_maurice
D:10:     layout_cave_pods, nicolae_gozag_cash_rules_everything_around_me,
          grunt_lair_entry_orc_guard_hut, uniq_fannar
D:11:     layout_rooms
D:12:     layout_roguey, erik_orc_4, gauntlet_entry_generic,
          grunt_decor_resistance, st_stairs_6, uniq_lodul
Abyss:2:  base: D:6, hangedman_classic_abyss_death, evilmike_abyss_exit_17,
          small_statue_intersection, hangedman_shadowy_showcase, minivault_25,
          hangedman_shadowy_showcase
Gauntlet: gammafunk_gauntlet_mixed_choke_point
          [minmay_gauntlet_arena_77_chump_sandwich,
          minmay_gauntlet_arena_77_block_sizes, minmay_gauntlet_arena_77_path,
          nicolae_gauntlet_arena_flowing_pool, minmay_gauntlet_arena_77_cramped,
          minmay_gauntlet_arena_77_braids, minmay_gauntlet_arena_77_two_paths,
          gauntlet_exit_green]

Skill      XL: |  1  2  3  4  5  6  7  8  9 10 11 |
---------------+----------------------------------+-----
Dodging        | 3 4 |  4.6
Axes           | 3 4 5 6 8 9 10 | 10.4
Armour         | 1 2 3 4 5 6 |  6.1
Fighting       | 3 4 5 6 |  6.6
Invocations    | 1 3 4 5 6 8 9 |  9.8
Evocations     | 2 4 5 6 7 |  7.4
Shields        | 1 3 4 |  4.1
Stealth        | 1 |  1.2
Polearms       | |  0.5
Throwing       | |  1.7

Action                   |  1- 3 |  4- 6 |  7- 9 | 10-12 || total
-------------------------+-------+-------+-------+-------++-------
Melee: War axe           |    99 |   165 |   217 |   250 ||   731
       Punch             |     1 |     2 |     2 |     2 ||     7
       Touch             |     2 |    25 |    43 |    73 ||   143
       Spear             |       |       |       |     6 ||     6
Throw: Javelin           |       |     1 |       |       ||     1
       Dart              |       |     7 |     9 |     1 ||    17
       Throwing net      |       |     1 |       |       ||     1
       Boomerang         |       |       |       |     6 ||     6
Invok: Upheaval          |       |       |     1 |     3 ||     4
       Elemental Force   |       |       |       |     2 ||     2
Evoke: Wand              |       |       |       |     2 ||     2
  Use: Scroll            |       |     4 |    14 |     5 ||    23
       Potion            |       |     3 |     1 |     7 ||    11
Armor: Leather armour    |    41 |       |       |       ||    41
       Ring mail         |     2 |    30 |       |       ||    32
       Plate armour      |       |    51 |    73 |       ||   124
       Scale mail        |       |       |    88 |   195 ||   283
Dodge: Dodged            |    72 |    65 |   129 |   270 ||   536
Block: Other             |    15 |    38 |    69 |   123 ||   245

Table legend: (Time is in decaauts)
 A = Elapsed time spent in this place.
 B = Non-inter-level travel time spent in this place.
 C = Inter-level travel time spent in this place.
 D = Time resting spent in this place.
 E = Time spent auto-exploring this place.
 F = Levels seen in this place.
 G = Mean time per level.
                   A        B        C        D        E       F      G
               +--------+--------+--------+--------+--------+-----+--------+
         Total |  11589 |  11304 |    285 |    548 |   7321 |  14 |  827.8 |
       Dungeon |  10791 |  10506 |    285 |    520 |   7321 |  12 |  899.2 |
         Abyss |    299 |    299 |      0 |      0 |      0 |   1 |  299.0 |
      Gauntlet |    498 |    498 |      0 |     28 |      0 |   1 |  498.0 |
               +--------+--------+--------+--------+--------+-----+--------+

Top non-repeatable levels by time:
     D:5: 1604 daAuts
     D:2: 1571 daAuts
     D:1: 1493 daAuts
     D:6: 969 daAuts
     D:9: 961 daAuts
    D:10: 961 daAuts
     D:3: 894 daAuts
     D:4: 802 daAuts
     D:7: 623 daAuts
Gauntlet: 498 daAuts
     D:8: 446 daAuts
    D:11: 425 daAuts
 Abyss:2: 299 daAuts
    D:12: 38 daAuts
